 Dungeon Crawl Stone Soup version 0.29.1-15-g9cfb28693d (webtiles) character file.

Game seed: 13144969877803460124

94 cdecastro the Chopper (level 4, -2/37 (39) HPs)
             Began as a Minotaur Fighter on Mar 5, 2023.
             Slain by a gnoll
             ... wielding a +1 whip of draining
              (3 damage)
             ... on level 3 of the Dungeon.
             The game lasted 00:02:10 (2176 turns).

cdecastro the Chopper (Minotaur Fighter)            Turns: 2176, Time: 00:02:10

HP:   -2/37 (39)    AC:  9    Str: 23    XL:     4   Next: 38%
MP:   3/3           EV:  8    Int:  5    God:
Gold: 210           SH:  0    Dex:  9    Spells: 3/3 levels left

rFire   . . .      SeeInvis .   a - +0 war axe
rCold   . . .      Faith    .   (no shield)
rNeg    . . .      Spirit   .   q - +0 chain mail
rPois   .          Reflect  .   (helmet restricted)
rElec   .          Harm     .   (no cloak)
rCorr   .          Rampage  .   (no gloves)
Will    .....                   (no boots)
Stlth   ..........              (no amulet)
HPRegen 0.12/turn               g - +4 ring of slaying
MPRegen 0.08/turn               (no ring)

@: drained
A: horns 2, retaliatory headbutt
a: no special abilities


You were on level 3 of the Dungeon.
You visited 1 branch of the dungeon, and saw 3 of its levels.

You collected 210 gold pieces.

Inventory:

Hand Weapons
 a - a +0 war axe (weapon)
Missiles
 k - 4 boomerangs (quivered)
 m - 3 poisoned darts
Armour
 c - a +0 buckler
 q - a +0 chain mail (worn)
Jewellery
 g - a +4 ring of slaying (left hand)
Scrolls
 f - 2 scrolls of identify {unknown}
 h - a scroll of magic mapping {unknown}
 i - a scroll of enchant armour {unknown}
 n - a scroll of brand weapon {unknown}
 s - a scroll of blinking {unknown}
 t - a scroll of fear {unknown}
 u - a scroll of noise {unknown}
Potions
 b - a potion of berserk rage {unknown}
 d - a potion of might
 e - a potion of invisibility {unknown}
 j - a potion of flight {unknown}
 l - a potion of lignification {unknown}
 o - 2 potions of curing {unknown}
 p - a potion of attraction {unknown}
 r - a potion of heal wounds {unknown}


   Skills:
 - Level 3.6 Fighting
 + Level 5.7 Axes
 - Level 3.6 Armour
 - Level 3.6 Shields


You had 3 spell levels left.
You didn't know any spells.
Your spell library contained the following spells:

 Spells                   Type           Power      Damage    Failure   Level
 Slow                     Hex            0%         N/A       99%         1
 Ensorcelled Hibernation  Hex/Ice        0%         N/A       99%         2
 Passwall                 Tmut/Erth      0%         N/A       99%         2
 Confusing Touch          Hex            0%         N/A       100%        3
 Gell's Gravitas          Tloc           0%         N/A       100%        3
 Lesser Beckoning         Tloc           0%         N/A       100%        3
 Swiftness                Air            0%         N/A       100%        3
 Teleport Other           Tloc           0%         N/A       100%        3
 Vampiric Draining        Necr           0%         2d6       100%        3
 Anguish                  Hex/Necr       0%         N/A       100%        4
 Enfeeble                 Hex            0%         N/A       100%        7


Dungeon Overview and Level Annotations

Branches:
Dungeon (3/15)

Altars:
Qazlal
Trog
Wu Jian

Shops:
D:3 [


Innate Abilities, Weirdness & Mutations

You have a pair of horns on your head.
You reflexively headbutt those who attack you in melee.


Message History

Unknown command.
Unknown command.
You slash the kobold!
You kill the kobold!
You hit the gnoll. You slash the ball python!
You kill the ball python!
You hit the gnoll. The gnoll completely misses you.
Unknown command.
You hit the gnoll. Your headbutt misses the gnoll.
The gnoll is severely wounded.
You hit the gnoll. The gnoll completely misses you.
The gnoll hits you but does no damage. x2
The gnoll hits you from afar with a +1 halberd of protection!
The gnoll hits you with a +1 whip of draining.
You feel drained.
* * * LOW HITPOINT WARNING * * *
The gnoll closely misses you.
The gnoll hits you with a +0 flail of holy wrath!
* * * LOW HITPOINT WARNING * * *
You hit the gnoll. Your headbutt misses the gnoll.
The gnoll is heavily wounded.
You barely miss the gnoll. x2
The gnoll hits you from afar with a +1 halberd of protection.
* * * LOW HITPOINT WARNING * * *
The gnoll hits you with a +0 flail of holy wrath.
* * * LOW HITPOINT WARNING * * *
The gnoll hits you but does no damage.
The gnoll hits you with a +1 whip of draining.
* * * LOW HITPOINT WARNING * * *
You feel drained.
* * * LOW HITPOINT WARNING * * *
You barely miss the gnoll.
The gnoll is heavily wounded.
You slash the gnoll!
You kill the gnoll!
You hit the gnoll.
The gnoll hits you from afar with a +1 halberd of protection.
* * * LOW HITPOINT WARNING * * *
The gnoll hits you with a +1 whip of draining.
You die...

####'#################
##........# ########
#####.........#
#....##.
..............#
#.##.##.
######........#
#.##.##.
######........#
#.##....
........#######
#.###### ......))# #.#
#. ......g@# #.#####.
.......g# #......)
.....g..# #########
........# ##......##
........# #...<##.##
........# ##..###....
........#
###..........
........#
#...#######.#
#.#.#.....#.#


You could see 3 gnolls.

Vanquished Creatures
  3 adders (D:2)
  A gnoll (D:3)
  3 worms (D:2)
  A dart slug (D:2)
  An orc (D:3)
  5 bats
  5 endoplasms
  3 giant cockroaches
  7 goblins
  7 hobgoblins
  8 kobolds
  A quokka (D:3)
  2 ball pythons
  4 frilled lizards
  4 rats
55 creatures vanquished.

Notes
Turn   | Place    | Note
-------+----------+-------------------------------------------
     0 | D:1      | cdecastro the Minotaur Fighter began the quest for the Orb.
     0 | D:1      | Reached XP level 1. HP: 19/19 MP: 0/0
    27 | D:1      | Reached skill level 3 in Axes
   130 | D:1      | Reached XP level 2. HP: 26/26 MP: 1/1
   339 | D:1      | Reached skill level 4 in Axes
   625 | D:1      | Found a faded altar of an unknown god.
   701 | D:2      | Reached XP level 3. HP: 17/31 MP: 2/2
   990 | D:2      | Reached skill level 5 in Axes
  1088 | D:2      | Reached XP level 4. HP: 34/39 MP: 3/3
  1748 | D:3      | Found a stormy altar of Qazlal.
  1890 | D:3      | Found Gej Ibut's Armour Shop.
  1978 | D:3      | Found a bloodstained altar of Trog.
  2039 | D:3      | Found an ornate altar of the Wu Jian Council.
  2176 | D:3      | HP: 1/37 [gnoll/+1 halberd of protection (5)]
  2176 | D:3      | Slain by a gnoll

Illustrated notes

Levels and vault maps discovered:
D:1:      dpeg_arrival_simpleton_c, layout_loops_ring,
          dreamdust_ecumenical_altar_angels_and_demons
D:2:      layout_basic
D:3:      layout_basic, lightli_temple_of_fire,
          pdpol_wu_jian_five_deadly_venoms, amcnicky_altar_gilded, serial_shops,
          shop, nicolae_concentric_dashed_squares_mild, minmay_ruptured

Skill      XL: |  1  2  3 |
---------------+----------+-----
Axes           | 3 4 5 |  5.7
Fighting       | |  3.6
Armour         | |  3.6
Shields        | |  3.6

Action                   |  1- 3 |  4- 6 || total
-------------------------+-------+-------++-------
Melee: War axe           |    64 |    26 ||    90
       Headbutt          |     8 |     2 ||    10
Armor: Scale mail        |    41 |     5 ||    46
       Chain mail        |       |    17 ||    17
Dodge: Dodged            |    44 |    21 ||    65
Block: Buckler           |     3 |       ||     3
